Map: Oxide LE

Players

Pablo - Winner!

  • Race: Protoss Protoss
  • League: Silver
  • Spawn Location: 7:00

Nikovic

  • Race: Terran Terran
  • League: Silver
  • Spawn Location: 1:00

VOD

Have the link to the VOD?

Description

Time

  • Played on: Feb. 2, 2021, 4:32 p.m.
  • Length: 26:19
Show
View Real Time Build Order
Export as new Build Order

Pablo Protoss - Winner!

Build Orders: Oracle Opening, Carriers 

Get SALT Encoding   

  12  0:00  Probe (Chrono Boost)  
  13  0:21  Pylon  
  13  0:29  Probe  
  13  0:30  Assimilator  
  14  0:41  Probe  
  15  0:47  Gateway  
  15  0:53  Probe  
  16  1:04  Forge  
  16  1:15  Pylon  
  16  1:23  Probe  
  17  1:27  Assimilator  
  17  1:35  Pylon  
  17  1:51  Cybernetics Core  
  17  1:58  Photon Cannon  
  17  2:04  Probe (Chrono Boost)  
  19  2:16  Probe (Chrono Boost)  
  19  2:21  Probe (Chrono Boost)  
  20  2:27  Pylon  
  20  2:30  Probe  
  21  2:43  Probe  
  21  2:44  Stargate  
  22  2:55  Probe  
  23  3:03  Protoss Air Weapons Level 1 (Chrono Boost)  
  23  3:16  Photon Cannon  
  23  3:27  Stalker (Chrono Boost)  
  23  3:29  Oracle  
  28  4:01  Nexus  
  28  4:09  Assimilator  
  28  4:14  Assimilator  
  28  4:21  Void Ray  
  28  4:29  Stalker  
  34  4:31  Protoss Shields Level 1  
  34  5:24  Void Ray  
  34  5:25  Probe (Chrono Boost)  
  35  5:32  Stalker  
  42  5:36  Probe (Chrono Boost)  
  42  5:40  Probe (Chrono Boost)  
  43  5:44  Pylon  
  43  5:51  Probe  
  44  5:59  Twilight Council  
  44  6:01  Void Ray  
  44  6:02  Stalker  
  44  6:04  Probe  
  47  6:08  Shield Battery  
  47  6:10  Shield Battery  
  51  6:16  Probe (Chrono Boost)  
  53  6:27  Probe (Chrono Boost)  
  53  6:28  Probe (Chrono Boost)  
  54  6:35  Probe x2 (Chrono Boost)  
  56  6:42  Probe  
  57  6:47  Protoss Air Armor Level 1  
  57  6:54  Probe  
  57  6:58  Fleet Beacon  
  57  6:59  Dark Shrine  
  58  7:03  Pylon  
  58  7:06  Pylon  
  58  7:12  Void Ray  
  62  7:23  Stalker  
  64  7:32  Probe (Chrono Boost)  
  65  7:42  Probe (Chrono Boost)  
  66  7:45  Flux Vanes  
  66  7:49  Void Ray  
  70  8:26  Void Ray  
  74  8:37  Gateway  
  74  8:40  Gateway  
  74  8:42  Protoss Air Weapons Level 2  
  74  8:44  Pylon  
  74  8:47  Pylon  
  74  8:50  Pylon  
  74  8:56  Stargate  
  74  8:59  Protoss Shields Level 2 (Chrono Boost)  
  74  9:27  Dark Templar x2  
  74  9:28  Dark Templar  
  80  10:06  Dark Templar  
  84  10:07  Dark Templar  
  81  10:50  Tempest x2  
  91  11:12  Protoss Air Armor Level 2  
  91  11:15  Pylon  
  91  11:16  Protoss Ground Weapons Level 1 (Chrono Boost)  
  91  11:18  Pylon  
  91  11:25  Pylon  
  91  11:34  Pylon  
  91  11:37  Pylon  
  91  11:38  Carrier  
  91  11:39  Carrier  
  103  11:42  Pylon  
  103  11:44  Dark Templar  
  103  11:45  Pylon  
  105  11:56  Nexus  
  105  11:58  Assimilator  
  105  11:59  Stargate  
  105  12:01  Assimilator  
  105  12:04  Pylon  
  105  12:06  Pylon  
  105  12:09  Pylon  
  105  12:40  Probe (Chrono Boost)  
  106  12:51  Probe (Chrono Boost)  
  107  12:54  Photon Cannon  
  107  12:55  Probe (Chrono Boost)  
  107  12:56  Photon Cannon  
  108  12:58  Void Ray, Photon Cannon  
  108  12:59  Void Ray x2  
  108  13:00  Photon Cannon  
  108  13:03  Shield Battery  
  108  13:05  Shield Battery  
  120  13:06  Shield Battery, Probe  
  121  13:17  Protoss Ground Armor Level 1  
  121  13:18  Probe  
  122  13:36  Void Ray x2  
  130  14:04  Tempest, Protoss Air Weapons Level 3  
  135  14:25  Probe (Chrono Boost)  
  136  14:36  Probe (Chrono Boost)  
  137  14:40  Probe (Chrono Boost)  
  136  15:26  Protoss Shields Level 3 (Chrono Boost)  
  136  15:29  Carrier  
  136  15:30  Tempest, Carrier  
  149  15:57  Dark Templar x2  
  149  15:58  Dark Templar  
  153  16:07  Void Ray  
  157  16:27  Void Ray  
  157  16:36  Dark Templar  
  157  16:37  Dark Templar x2  
  167  16:52  Protoss Air Armor Level 3  
  167  17:18  Nexus  
  167  17:21  Assimilator  
  167  17:22  Void Ray x2  
  167  17:23  Void Ray  
  167  17:25  Assimilator  
  175  17:47  Robotics Facility  
  175  17:53  Shadow Stride  
  175  18:16  Protoss Ground Weapons Level 2 (Chrono Boost)  
  175  18:31  Carrier  
  181  18:38  Carrier  
  187  19:29  Unknown  
  145  20:29  Void Ray  
  145  20:30  Void Ray x2  
  157  21:12  Stargate x2  
  157  21:13  Carrier x3  
  157  21:15  Stargate  
  175  21:20  Dark Templar x3  
  181  21:32  Observer  
  182  21:48  Robotics Bay  
  182  21:53  Observer  
  183  21:59  Dark Templar  
  183  22:00  Protoss Ground Weapons Level 3  
  185  22:58  Tempest x3  
  191  24:18  Nexus  
  191  24:20  Pylon  
  191  24:24  Assimilator  
  191  24:26  Void Ray  
  191  24:27  Assimilator  
  191  24:28  Dark Templar, Pylon  
  191  24:29  Dark Templar  
Show
View Real Time Build Order
Export as new Build Order

Nikovic Terran 

Build Orders:  

Get SALT Encoding   

  12  0:00  SCV  
  13  0:12  SCV  
  14  0:18  Supply Depot  
  14  0:25  SCV  
  15  0:40  SCV  
  16  0:45  Barracks  
  16  0:52  SCV  
  16  0:53  Refinery  
  17  0:58  Refinery  
  17  1:04  SCV  
  18  1:16  SCV  
  19  1:28  SCV  
  20  1:39  Barracks Tech Lab  
  20  1:40  SCV  
  20  1:44  Reaper  
  22  1:49  Supply Depot  
  22  1:52  SCV  
  23  2:09  Factory  
  23  2:27  Command Center  
  23  2:39  Barracks Reactor  
  23  2:43  SCV  
  24  2:55  SCV  
  25  3:07  SCV  
  25  3:10  Barracks  
  25  3:11  Hellion  
  28  3:19  SCV  
  29  3:32  Bunker, SCV  
  30  3:44  SCV  
  30  3:56  SCV  
  30  4:01  Supply Depot  
  31  4:08  Barracks Reactor  
  31  4:25  Starport  
  31  4:26  Engineering Bay  
  31  4:42  Barracks Reactor  
  31  4:45  Marine  
  31  4:46  Marine  
  31  4:52  Engineering Bay  
  29  5:03  Marine  
  29  5:04  Marine  
  25  5:21  Marine x2  
  27  5:39  Widow Mine, Hellion, Marine x2  
  33  5:55  Viking  
  35  6:04  Terran Infantry Weapons Level 1  
  35  6:11  SCV x2  
  37  6:23  SCV x2  
  37  6:25  Medivac  
  39  6:31  Sensor Tower  
  41  6:54  Armory  
  41  6:55  Viking  
  43  7:07  Marine  
  43  7:08  Marine x3  
  47  7:16  SCV x2  
  49  7:25  Medivac, Marine  
  49  7:26  Marine x2  
  54  7:31  Supply Depot  
  54  7:48  Orbital Command  
  54  7:53  SCV, Marine x4  
  54  7:54  Supply Depot  
  54  7:55  Viking  
  61  8:05  SCV  
  59  8:11  Marine x4  
  62  8:27  Supply Depot  
  62  8:28  Marine  
  62  8:29  Terran Infantry Armor Level 1  
  62  8:32  SCV x2  
  65  8:49  Viking  
  67  8:59  Supply Depot  
  67  9:18  Viking  
  67  9:23  Supply Depot  
  69  9:26  Factory  
  69  9:48  Liberator  
  72  10:11  Barracks, Missile Turret  
  70  10:17  SCV  
  69  10:29  SCV  
  69  10:31  Viking  
  72  10:36  Orbital Command  
  72  10:40  Missile Turret  
  72  10:41  SCV  
  73  10:46  Refinery  
  73  10:53  SCV  
  74  11:00  Barracks  
  74  11:01  Missile Turret  
  74  11:05  SCV  
  74  11:10  Refinery  
  75  11:14  SCV  
  75  11:17  SCV  
  77  11:21  Marine x4  
  81  11:25  Factory Tech Lab  
  81  11:26  SCV  
  81  11:27  Barracks Tech Lab  
  81  11:29  SCV  
  83  11:38  SCV, Marine  
  83  11:39  Marine x3  
  88  11:42  SCV  
  89  11:50  SCV  
  89  11:54  SCV  
  91  11:56  Marauder, Marine  
  94  12:02  Barracks Reactor  
  94  12:04  Command Center  
  94  12:11  Marine x3  
  94  12:14  Marine  
  98  12:18  Marauder  
  100  12:29  Marine x3  
  103  12:32  Marine  
  104  12:38  Supply Depot  
  104  12:39  Marauder  
  104  12:41  Siege Tank  
  109  12:47  Marine  
  110  12:59  Liberator, Marine x3  
  110  13:00  Marauder  
  110  13:01  Supply Depot  
  118  13:15  Siege Tank, Widow Mine x2, Marine x2  
  118  13:17  Marine  
  128  13:22  Marauder  
  128  13:23  Supply Depot  
  128  13:24  Supply Depot  
  130  13:28  Bunker  
  130  13:32  SCV  
  130  13:33  Marine x2  
  133  13:37  Widow Mine x2  
  133  13:39  SCV  
  138  13:44  SCV  
  138  13:46  Supply Depot  
  138  13:47  Siege Tank, Supply Depot  
  142  13:51  SCV  
  143  13:56  Viking  
  145  14:03  SCV  
  146  14:14  Neosteel Armor  
  146  14:15  Terran Infantry Weapons Level 2, SCV  
  147  14:19  Siege Tank  
  147  14:20  Terran Vehicle Weapons Level 1  
  150  14:26  Viking  
  150  14:27  Supply Depot, SCV  
  141  14:51  Siege Tank  
  144  15:08  Missile Turret  
  138  15:31  Bunker  
  138  15:32  Marine  
  138  15:33  Marine x6  
  145  15:36  Siege Tank  
  148  15:50  Marine  
  148  15:51  Marine x6  
  155  16:08  Marine x6  
  161  16:15  Terran Vehicle And Ship Armor Level 1  
  157  16:37  Missile Turret  
  157  16:56  Marine x5  
  157  16:57  Marine x2  
  157  16:58  Missile Turret  
  164  17:01  Missile Turret  
  164  17:09  Hellion  
  166  17:21  Marine  
  166  17:31  Marine x2  
  166  17:33  Marine  
  166  17:34  Marine x2  
  166  17:59  Missile Turret  
  166  18:02  Sensor Tower  
  166  18:04  Missile Turret  
  166  18:26  Command Center  
  166  18:36  Sensor Tower  
  166  18:59  Sensor Tower  
  166  19:05  Stimpack  
  166  19:15  Drilling Claws  
  166  19:37  Cyclone, Marine x4  
  166  19:38  Widow Mine x2  
  177  19:47  Sensor Tower  
  177  19:59  Widow Mine, Hellion  
  160  20:10  Siege Tank  
  142  20:20  Marine  
  142  20:21  Marine x6  
  87  20:32  Viking  
  87  20:34  Smart Servos  
  83  20:37  SCV  
  83  20:38  Marine x7  
  83  20:42  Siege Tank  
  94  20:44  Combat Shield  
  94  20:56  Marine x7  
  101  21:02  Viking  
  102  21:13  Marine  
  102  21:14  Siege Tank, Marine x6  
  112  21:31  Marine  
  112  21:32  Viking, Marine x4  
  119  21:46  Cyclone  
  122  21:54  Starport  
  122  21:57  Starport  
  122  22:00  Starport  
  122  22:02  Viking  
  124  22:08  Factory  
  124  22:18  Marine x4  
  124  22:20  Cyclone  
  124  22:21  Hellion  
  124  22:22  Widow Mine  
  68  23:45  Marine x7  
  66  24:02  Marine  
  66  24:03  Marine x6  
  66  24:07  Missile Turret  
  73  24:20  Marine  
  73  24:21  Marine x6  
  80  24:25  Missile Turret  
  80  24:38  Marine  
  80  24:39  Marine x2  
  80  24:45  Missile Turret  
  76  25:00  Marine  
  76  25:02  Marine x2  
  79  25:25  Missile Turret  
Tags
 
Composition
Carriers
Matchup
PvT
Spawn Locations
Cross Positions
Add a new tag
Caveats
  • Supply blocks, unpowered buildings, or Contaminate may cause inaccurate times.
  • Supply counts are checked every 10 seconds.